 Dungeon Sprint DCSS version 0.31-a0-18-gea43df2a32 (webtiles) character file.

Game seed: 10652922899803707975

9 sircluck the Sneak (level 2, -7/18 HPs)
             Began as a Kobold Brigand on May 9, 2023.
             Killed from afar by an oklob sapling (25 damage)
             ... with a splash of acid
             ... in the Dungeon (Sprint IV: "Fedhas' Mad Dash").
             The game lasted 00:00:15 (84 turns).

sircluck the Sneak (Kobold Brigand)                   Turns: 84, Time: 00:00:16

Health: -7/18      AC:  3    Str:  8    XL:     2   Next: 25%
Magic:  2/2        EV: 14    Int: 12    God:
Gold:   7          SH:  0    Dex: 16    Spells: 1/1 levels left

rFire   . . .        a - +2 dagger
rCold   . . .        (no shield)
rNeg    . . .        b - +0 robe
rPois   .            (no helmet)
rElec   .            c - +0 cloak
rCorr   .            (no gloves)
SInv    .            (no boots)
Will    .....        (no amulet)
Stlth   +++++        (no ring)
HPRegen 0.23/turn    (no ring)
MPRegen 0.08/turn

%: no teleportation
@: no status effects
A: small, no large weapons, nightstalker 3
a: no special abilities


You were in the Dungeon.
You visited 1 branch You collected 7 gold pieces.

Inventory:

Hand Weapons
 a - a +2 dagger (weapon)
Missiles
 d - 9 poisoned darts (quivered)
 e - 3 curare-tipped darts
Armour
 b - a +0 robe (worn)
 c - a +0 cloak (worn)
Scrolls
 k - a scroll of blinking
Potions
 f - a potion of curing
 g - a potion of heal wounds
 h - a potion of haste
 i - 2 potions of magic
 j - a potion of berserk rage


   Skills:
 + Level 2.5 Fighting
 + Level 3.2 Short Blades
 + Level 2.5 Throwing
 + Level 1.3 Dodging
 + Level 7.4 Stealth


You had one spell level left.
You didn't know any spells.
Your spell library was empty.

Dungeon Overview and Level Annotations

Branches:
Dungeon (1/1)

Altars:

Annotations:
D exclusion: oklob sapling


Innate Abilities, Weirdness & Mutations

You are small and have problems with some larger weapons.
You are completely attuned to the shadows.


Message History

The rat barely misses you. The river rat closely misses you.
You barely miss the river rat.
The river rat is almost dead.
The rat closely misses you.
The river rat twitches its whiskers.
The river rat bites you.
You hit the river rat but do no damage.
The river rat is almost dead.
The rat twitches its whiskers.
The rat misses you. The river rat bites you.
* * * LOW HITPOINT WARNING * * *
You barely miss the river rat.
The river rat is almost dead.
The rat barely misses you. The river rat completely misses you.
You hit the river rat.
You kill the river rat!
The rat bites you.
* * * LOW HITPOINT WARNING * * *
Your Short Blades skill increases to level 3!
Your Stealth skill gained 2 levels and is now at level 7!
You have reached level 2!
You hit the rat.
You kill the rat!
You see here a rat corpse.
You now have 7 gold pieces.
You start resting.
HP restored.
You open the door.
An oklob sapling comes into view.
Marking area around an oklob sapling as unsafe for travelling.
Found 21 gold pieces.
Found 17 gold pieces.
There is an open door here.
You hit the oklob sapling but do no damage.
You hit the oklob sapling.
The oklob sapling is heavily damaged.
The oklob sapling spits acid at you. The splash of acid hits you!!
Ouch! That really hurt!
You die...

################
#<..P#..†..#.$$$
#PP..'.....@.#
#PPPP#.....#P#
##############


You could see an oklob sapling.

Vanquished Creatures
  A river rat (D)
  A rat (D)
2 creatures vanquished.

Notes
Turn   | Place    | Note
-------+----------+-------------------------------------------
     0 | D        | sircluck the Kobold Brigand began the quest for the Orb.
     0 | D        | Reached XP level 1. HP: 12/12 MP: 1/1
    20 | D        | Reached skill level 7 in Stealth
    20 | D        | Reached XP level 2. HP: 4/18 MP: 2/2
    81 | D        | Noticed an oklob sapling
    84 | D        | Killed from afar by an oklob sapling

Illustrated notes

Levels and vault maps discovered:
D:        dungeon_sprint_fedhas [sprint_temple]

Skill      XL: |  1 |
---------------+----+-----
Short Blades   | 3 |  3.2
Stealth        | 7 |  7.4
Fighting       | |  2.5
Throwing       | |  2.5
Dodging        | |  1.3

Action                     || total
---------------------------++-------
  Melee: Dagger            ||    16
  Dodge: Dodged            ||    15

Table legend: (Time is in decaauts)
 A = Elapsed time spent in this place.
 B = Non-inter-level travel time spent in this place.
 C = Inter-level travel time spent in this place.
 D = Time resting spent in this place.
 E = Time spent auto-exploring this place.
 F = Levels seen in this place.
 G = Mean time per level.
                   A        B        C        D        E       F      G
               +--------+--------+--------+--------+--------+-----+--------+
         Total |     81 |     81 |      0 |     53 |      5 |   1 |   81.0 |
       Dungeon |     81 |     81 |      0 |     53 |      5 |   1 |   81.0 |
               +--------+--------+--------+--------+--------+-----+--------+

Top non-repeatable levels by time:
       D: 81 daAuts
